 Dungeon Crawl Stone Soup version 0.30-a0-800-g7c544603b3 (webtiles) character file.

Game seed: 11617432469556561569

446 cforsyth the Sneak (level 7, -5/44 HPs)
             Began as a Kobold Brigand on Feb 21, 2023.
             Slain by an orc priest
             ... wielding a +1 hand axe of electrocution
              (15 damage)
             ... on level 4 of the Dungeon.
             The game lasted 00:06:54 (4942 turns).

cforsyth the Sneak (Kobold Brigand)                 Turns: 4942, Time: 00:06:54

Health: -5/44      AC:  4    Str:  8    XL:     7   Next: 24%
Magic:  7/7        EV: 16    Int: 13    God:
Gold:   180        SH:  0    Dex: 18    Spells: 6/6 levels left

rFire   . . .      SeeInvis .    a - +2 dagger
rCold   . . .      Faith    .    (no shield)
rNeg    . . .      Spirit   .    b - +0 robe
rPois   .          Reflect  .    (no helmet)
rElec   .          Harm     .    c - +0 cloak
rCorr   .          Rampage  .    m - +0 pair of gloves
Will    .....                    (no boots)
Stlth   +++++                    (no amulet)
HPRegen 0.27/turn                (no ring)
MPRegen 0.10/turn                (no ring)

@: no status effects
A: small, no large weapons, nightstalker 3
a: no special abilities


You were on level 4 of the Dungeon.
You visited 1 branch of the dungeon, and saw 4 of its levels.

You collected 180 gold pieces.

Inventory:

Hand Weapons
 a - a +2 dagger (weapon)
Missiles
 d - 12 poisoned darts (quivered)
 e - 3 curare-tipped darts
Armour
 b - a +0 robe (worn)
 c - a +0 cloak (worn)
 m - a +0 pair of gloves (worn)
Jewellery
 r - a ring of protection from fire
Wands
 p - a wand of flame (5)
Scrolls
 f - 2 scrolls of noise {unknown}
 g - a scroll of vulnerability {unknown}
 h - 2 scrolls of immolation {unknown}
 i - 2 scrolls of magic mapping {unknown}
 k - a scroll of fear {unknown}
 l - a scroll of blinking {unknown}
 n - 3 scrolls of teleportation {unknown}
 o - a scroll of fog {unknown}
 w - a scroll of identify {unknown}
Potions
 j - 3 potions of might {unknown}
 q - a potion of degeneration {unknown}
 s - a potion of haste {unknown}
 t - a potion of resistance {unknown}
 u - 2 potions of attraction {unknown}
 v - 2 potions of cancellation {unknown}


   Skills:
 + Level 4.3 Fighting
 + Level 5.3 Short Blades
 - Level 2.1 Throwing
 + Level 4.2 Dodging
 + Level 7.3 Stealth


You had 6 spell levels left.
You didn't know any spells.
Your spell library contained the following spells:

 Spells                   Type           Power      Damage    Failure   Level
 Kiss of Death            Conj/Necr      0%         2d5       30%         1
 Ensorcelled Hibernation  Hex/Ice        0%         N/A       43%         2
 Passwall                 Tmut/Erth      0%         N/A       43%         2
 Confusing Touch          Hex            0%         N/A       67%         3
 Swiftness                Air            0%         N/A       67%         3
 Dispel Undead            Necr           0%         3d6       97%         4


Dungeon Overview and Level Annotations

Branches:
Dungeon (4/15)
 Temple: D:4-7

Altars:


Innate Abilities, Weirdness & Mutations

You are small and have problems with some larger weapons.
You are completely attuned to the shadows.


Message History

The orc wizard flickers and vanishes!
Deactivating autopickup; reactivate with Ctrl-A.
You closely miss something. You hit something.
The orc priest miscasts a cantrip.
You hear some strange, mumbled words.
A puff of flame appears from out of thin air!
The puff of flame misses you. The orc barely misses you.
You hit something. The orc completely misses you. Something hits you.
You miss something. Something hits you. The orc misses you.
You miss something. You hit something.
The orc priest miscasts a cantrip.
Something closely misses you. The orc hits you with a +0 mace.
You hit something.
Reactivating autopickup.
You feel a bit more experienced. The orc hits you with a +0 mace!
You hit the orc priest.
The orc priest is lightly wounded.
The orc priest completely misses you. The orc closely misses you.
You hit the orc priest.
The orc priest is moderately wounded.
The orc priest barely misses you. The orc closely misses you.
You hit the orc priest.
The orc priest is moderately wounded.
You hit the orc priest.
The orc priest is severely wounded.
The orc hits you with a +0 mace.
The orc priest mumbles some strange prayers to Beogh against you.
Pain shoots through your body!
* * * LOW HITPOINT WARNING * * *
You hit the orc priest.
The orc priest is almost dead.
The orc barely misses you. The orc priest closely misses you.
You hit the orc priest but do no damage.
The orc priest is almost dead.
The orc priest hits you with a +1 hand axe of electrocution.
* * * LOW HITPOINT WARNING * * *
You are electrocuted!
You die...

#.. ####+#####..
#.......##..
#.⌠...⌠.###. ..#
.##.......###.
#.#...+...⌠...'...
$###.#.#
#..)....##..
....oo.#
#.⌠...⌠[###' #@#
#.......##.. #.#
####+#####..
#.#####....####...
#...............#.
######.##########.
#.# #. #.# ## #.#
>#.#


You could see an orc priest and an orc.

Vanquished Creatures
  2 scorpions (D:4)
  2 orc priests (D:3)
  Natasha (thrice) (D:2)
  2 orc wizards
  4 gnolls
  3 adders
  7 dart slugs
  3 orcs
  6 bats
  3 endoplasms
  A giant cockroach (D:2)
  3 goblins
  5 hobgoblins
  6 jackals
  2 quokkas (D:3)
  5 ball pythons
  3 frilled lizards
  4 kobolds
  6 rats
70 creatures vanquished.

Notes
Turn   | Place    | Note
-------+----------+-------------------------------------------
     0 | D:1      | cforsyth the Kobold Brigand began the quest for the Orb.
     0 | D:1      | Reached XP level 1. HP: 12/12 MP: 1/1
   393 | D:1      | Reached XP level 2. HP: 18/18 MP: 2/2
  1312 | D:2      | Reached XP level 3. HP: 17/22 MP: 3/3
  1592 | D:2      | Noticed Natasha
  1603 | D:2      | Killed Natasha
  1604 | D:2      | Reached XP level 4. HP: 12/28 MP: 4/4
  2124 | D:2      | Noticed Natasha
  2140 | D:2      | Killed Natasha
  2141 | D:2      | Reached skill level 6 in Stealth
  2431 | D:2      | Noticed Natasha
  2453 | D:2      | Killed Natasha
  2454 | D:2      | Reached XP level 5. HP: 19/32 MP: 5/5
  3315 | D:3      | Reached XP level 6. HP: 13/38 MP: 6/6
  3707 | D:3      | Found a faded altar of an unknown god.
  4498 | D:4      | Reached skill level 5 in Short Blades
  4498 | D:4      | Reached skill level 7 in Stealth
  4700 | D:4      | Reached XP level 7. HP: 43/43 MP: 7/7
  4942 | D:4      | Slain by an orc priest

Illustrated notes

Levels and vault maps discovered:
D:1:      lightli_arrival_lavapool, layout_loops_ring, serial_co_window_serial,
          co_window_paths_a, co_window_corner_a, co_window_corner_a,
          co_window_corner_a, co_window_cross_1, co_window_paths_a,
          co_window_paths_a, co_window_corner_a, co_window_corner_a,
          co_window_paths_c, co_window_of_opportunity_b,
          co_window_unsneaky_path_d, co_window_unsneaky_path_a,
          co_window_corner_b, co_window_paths_c, co_window_of_opportunity_c,
          glass_columns_a
D:2:      layout_loops_ring, uniq_natasha
D:3:      layout_loops_cross, ebering_ecumenical_altar_sacrificial
D:4:      kennysheep_slugbush, layout_basic, nicolae_overflow_hidden_temple,
          serial_curves, eino_curves_02, eino_curves_03, minmay_fountain_box,
          chequers_serial_rivers_micro_e, minmay_manual_mess, uniq_pikel,
          uniq_sigmund, uniq_eustachio

Skill      XL: |  1  2  3  4  5  6 |
---------------+-------------------+-----
Short Blades   | 3 4 5 |  5.3
Dodging        | 2 3 4 |  4.2
Fighting       | 3 4 |  4.3
Stealth        | 6 7 |  7.3
Throwing       | |  2.1

Action                     |  1- 3 |  4- 6 |  7- 9 || total
---------------------------+-------+-------+-------++-------
  Melee: Dagger            |    42 |   211 |    41 ||   294
         Punch             |       |     2 |       ||     2
  Throw: Dart              |     3 |     1 |       ||     4
   Stab: Sleeping          |    16 |    13 |     1 ||    30
 Armour: Robe              |     6 |    26 |     1 ||    33
  Dodge: Dodged            |    17 |   151 |    26 ||   194

Table legend: (Time is in decaauts)
 A = Elapsed time spent in this place.
 B = Non-inter-level travel time spent in this place.
 C = Inter-level travel time spent in this place.
 D = Time resting spent in this place.
 E = Time spent auto-exploring this place.
 F = Levels seen in this place.
 G = Mean time per level.
                   A        B        C        D        E       F      G
               +--------+--------+--------+--------+--------+-----+--------+
         Total |   4912 |   4779 |    133 |    777 |   2944 |   4 | 1228.0 |
       Dungeon |   4912 |   4779 |    133 |    777 |   2944 |   4 | 1228.0 |
               +--------+--------+--------+--------+--------+-----+--------+

Top non-repeatable levels by time:
     D:2: 2396 daAuts
     D:1: 1086 daAuts
     D:3: 897 daAuts
     D:4: 532 daAuts
